 Dungeon Crawl Stone Soup version 0.17-a0-896-g249456b (webtiles) character file.

1706 RobertPalmer the Spear-Bearer (level 9, 0/59 HPs)
             Began as a Merfolk Arcane Marksman on May 1, 2015.
             Slain by a centaur (8 damage)
             ... on level 7 of the Dungeon.
             The game lasted 00:23:09 (7788 turns).

RobertPalmer the Spear-Bearer (MfAM)                Turns: 7788, Time: 00:23:10

Health: 0/59       AC:  9    Str: 16    XL:     9   Next: 3%
Magic:  10/10      EV: 14    Int: 16    God:
Gold:   395        SH:  0    Dex: 15    Spells: 3 memorised, 3 levels left

rFire  . . .     SeeInvis .     a - +0 halberd (curse)
rCold  + . .     Clarity  .     o - +0 leather armour
rNeg   . . .     SustAb   .     (no shield)
rPois  .         Gourm    .     k - +2 helmet
rElec  .         Spirit   .     D - +0 cloak
rCorr  .         Warding  .     G - +0 pair of gloves
rMut   .         Stasis   .     v - +0 pair of boots
MR     .....                    (no amulet)
Stlth  +.........               m - +2 ring of intelligence
                                i - ring of protection from cold {rC+, !d}

@: mighty, not resistant to hostile enchantments, very unstealthy
A: change form in water, swift swim
a: no special abilities


You were on level 7 of the Dungeon.
You were not hungry.

You visited 1 branch of the dungeon, and saw 7 of its levels.

You collected 395 gold pieces.

Inventory:

Hand weapons
 a - a cursed +0 halberd (weapon)
   (You took it off a gnoll on level 4 of the Dungeon)
 j - a +0 spear
   (You found it on level 1 of the Dungeon)
Missiles
 n - 240 stones (quivered)
 u - 8 curare-tipped needles
 z - 22 poisoned needles
 H - a throwing net {=f, !d}
Armour
 k - a +2 helmet (worn)
   (You found it on level 1 of the Dungeon)
 o - a +0 leather armour (worn)
   (You found it on level 2 of the Dungeon)
 v - a +0 pair of boots (worn)
   (You found it on level 5 of the Dungeon)
 D - a +0 cloak (worn)
   (You found it on level 4 of the Dungeon)
 G - a +0 pair of gloves (worn)
   (You found it on level 6 of the Dungeon)
Jewellery
 i - a ring of protection from cold (left hand) {rC+, !d}
   (You found it on level 1 of the Dungeon)
 l - an uncursed ring of sustain abilities {SustAb}
   (You found it on level 1 of the Dungeon)
 m - a +2 ring of intelligence (right hand)
   (You found it on level 1 of the Dungeon)
 E - an uncursed ring of fire {rF+, rC-}
   (You took it off a goblin on level 4 of the Dungeon)
Magical devices
 b - a wand of flame (0)
   (You found it on level 4 of the Dungeon)
 c - a wand of magic darts (16)
   (You took it off Duvessa on level 5 of the Dungeon)
 C - a wand of disintegration (0)
   (You found it on level 6 of the Dungeon)
 J - a wand of magic darts (29)
   (You found it on level 7 of the Dungeon)
Scrolls
 g - a scroll of amnesia
 p - a scroll of fog
 q - a scroll of fear {unknown}
 r - a scroll of identify
 s - a scroll of blinking {!r}
 t - a scroll of teleportation
 y - 2 scrolls of immolation {unknown}
 F - 3 scrolls of remove curse
 M - a scroll of brand weapon {unknown}
Potions
 f - a potion of resistance
 B - a potion of magic {unknown}
 I - a potion of poison {unknown}
 K - a potion of agility {unknown}
Books
 d - a book of Debilitation
Comestibles
 e - 11 bread rations {@e1}
 h - a royal jelly
 w - 5 meat rations {@e2}
 A - 2 chunks of flesh {@w0}
 L - 3 fruits


   Skills:
 - Level 1.1 Fighting
   Level 1.0 Short Blades
 - Level 12.6 Polearms
 - Level 2.0 Throwing
 + Level 4.5 Dodging
 - Level 1.0 Spellcasting
 - Level 6.2 Hexes


You had 3 spell levels left.
You knew the following spells:

 Your Spells              Type           Power        Failure   Level  Hunger
a - Inner Flame           Hex/Fire       ##......     28%         3    ####...
b - Gell's Gravitas       Hex/Tloc       ##........   28%         3    ####...
v - Corona                Hex            ###....      1%          1    ##.....


Dungeon Overview and Level Annotations

Branches:
Dungeon (7/15)             Temple (0/1) D:4

Altars:


Message History

You see here a short sword.
n - 243 stones (gained 14)
z - 22 poisoned needles (gained 12) Unknown command.
You open the door.
There is an open door here.
An iguana comes into view.
The iguana hisses angrily.
An iguana is nearby!
An iguana is nearby!
An iguana is nearby!
Aim: an iguana You throw a stone.
The stone hits the iguana but does no damage.
Aim: an iguana You throw a stone.
The stone barely misses the iguana.
Aim: an iguana You throw a stone.
The stone hits the iguana but does no damage.
Aim: an iguana You throw a stone.
The stone hits the iguana.
Attack whom?
Aim: an iguana (lightly wounded)
You reach to attack!
You hit the iguana but do no damage. You hit the iguana.
The iguana barely misses you.
You hit the iguana but do no damage. The iguana barely misses you.
You hit the iguana but do no damage. The iguana closely misses you.
You completely miss the iguana. The iguana closely misses you.
You closely miss the iguana. You closely miss the iguana.
The iguana barely misses you.
You slash the iguana! The iguana bites you.
You take 4 damage, and have 42/59 hp.
You puncture the iguana!
You kill the iguana!
No target in view!
No target in view!
L - 3 fruits You see here an iguana corpse.
Found a stone staircase leading down.
n - 240 stones (gained 1)
n - 241 stones (gained 1)
e - 11 bread rations {@e1} (gained 1)
You now have 375 gold pieces (gained 10).
M - a scroll labeled SAIPEE KEKAOTU You regained 4 hp, and now have 47/59 hp.
You now have 395 gold pieces (gained 20).
A jelly and a centaur come into view.
The centaur shouts!
The centaur wields a shortbow.
The centaur shoots an arrow.
The arrow hits you!
You see here an arrow.
There are monsters nearby!
You take 7 damage, and have 40/59 hp.
There are monsters nearby!
There are monsters nearby!
Aim: a centaur, wielding a shortbow You throw a stone.
The jelly quivers.
The stone hits the centaur.
The centaur shoots an arrow.
The arrow barely misses you.
The centaur shoots an arrow.
The arrow barely misses you.
The centaur shoots an arrow.
The arrow hits you!
You hear a slurping noise.
You see here an arrow.
You take 8 damage, and have 33/59 hp.
Unknown command.
The centaur shoots an arrow.
The arrow hits you.
You see here an arrow.
You take 3 damage, and have 30/59 hp.
Unknown command.
The centaur unwields an uncursed shortbow.
The centaur hits you but does no damage.
The jelly closely misses you. The centaur completely misses you.
Unknown command.
The centaur hits you.
You take 2 damage, and have 28/59 hp.
You slash the centaur!
The centaur hits you but does no damage.
The jelly misses you.
You hit the centaur but do no damage. The centaur hits you.
The centaur hits you. The jelly hits you but does no damage.
You take 10 damage, and have 18/59 hp.
Unknown command.
The centaur closely misses you.
Drink which item? (? for menu, Esc to quit)
You feel very mighty all of a sudden. The centaur hits you.
* * * LOW HITPOINT WARNING * * *
The centaur barely misses you. The jelly closely misses you.
You take 2 damage, and have 16/59 hp.
Unknown command.
The centaur closely misses you.
You hit the centaur. The centaur hits you.
* * * LOW HITPOINT WARNING * * *
The centaur hits you.
* * * LOW HITPOINT WARNING * * *
You take 9 damage, and have 7/59 hp.
Unknown command.
The centaur completely misses you.
You slash the centaur! The jelly closely misses you. The centaur hits you!
You die...

#....(
#####......
#.........?
#.....?...
#........
#..%....#
+.......#
##
#"...cJ.# .
#....@..# .
###.(####.#
#####.
##(## #.#
.....# #(.#
#.# .....+
##.# #.#
.....## #
#.# #.#
#..<#.# #.#
#.# #..##.#
#.###.#
#.....#
#..##.#


You could see a centaur and a jelly.

Vanquished Creatures
  Menkaure (D:7)
  Duvessa (D:5)
  2 centaurs (D:6)
  An ogre (D:4)
  A sky beast (D:7)
  A necrophage (D:5)
  4 giant frogs
  Dowan (D:5)
  A jelly (D:5)
  4 crimson imps
  A centaur zombie (D:6)
  A giant frog zombie (D:6)
  A centaur skeleton (D:7)
  2 iguanas
  7 worker ants
  9 adders
  7 gnolls
  3 shadow imps (D:5)
  An ooze (D:4)
  An adder zombie (D:6)
  3 worms
  3 giant geckos
  5 orcs
  A bat zombie (D:5)
  3 giant cockroaches
  18 goblins
  9 hobgoblins
  8 kobolds
  A ball python (D:1)
  14 bats
  4 giant newts
  16 jackals
  A jackal skeleton (D:7)
  10 rats
146 creatures vanquished.

Notes
Turn   | Place    | Note
--------------------------------------------------------------
     0 | D:1      | RobertPalmer, the Merfolk Arcane Marksman, began the quest for the Orb.
     0 | D:1      | Reached XP level 1. HP: 15/15 MP: 2/2
    76 | D:1      | Reached XP level 2. HP: 8/21 MP: 3/3
   174 | D:1      | Reached skill level 1 in Short Blades
   441 | D:1      | Reached skill level 1 in Polearms
   503 | D:1      | HP: 5/21 [goblin (3)]
   802 | D:1      | Reached skill level 2 in Polearms
  1127 | D:2      | Reached XP level 3. HP: 23/26 MP: 2/4
  1553 | D:2      | Reached skill level 3 in Polearms
  1920 | D:2      | Reached skill level 4 in Polearms
  2081 | D:3      | Reached XP level 4. HP: 29/32 MP: 5/5
  2852 | D:4      | Noticed an ice beast
  2986 | D:3      | Reached skill level 5 in Polearms
  2995 | D:3      | HP: 8/32 [poisoned by a worker ant]
  3000 | D:3      | HP: 7/32 [poisoned by a worker ant]
  3007 | D:3      | HP: 5/32 [poisoned by a worker ant]
  3015 | D:3      | HP: 4/32 [poisoned by a worker ant]
  3239 | D:4      | Noticed an ogre
  3251 | D:4      | Killed an ogre
  3251 | D:4      | Reached skill level 7 in Polearms
  3251 | D:4      | Reached XP level 5. HP: 32/37 MP: 2/6
  3333 | D:4      | Reached XP level 6. HP: 20/43 MP: 2/7
  3414 | D:4      | Reached skill level 4 in Hexes
  4079 | D:4      | Found a staircase to the Ecumenical Temple.
  4233 | D:5      | Entered Level 5 of the Dungeon
  4336 | D:5      | Noticed Dowan
  4339 | D:5      | Noticed Duvessa
  4347 | D:5      | Killed Dowan
  4347 | D:5      | Reached skill level 5 in Hexes
  4352 | D:5      | HP: 7/43 [Duvessa/rapier (8)]
  4608 | D:5      | Killed Duvessa
  4608 | D:5      | Reached skill level 6 in Hexes
  4608 | D:5      | Reached XP level 7. HP: 12/48 MP: 8/8
  5001 | D:5      | HP: 7/48 [shadow imp/nerve-wracking pain (13)]
  5002 | D:5      | HP: 2/48 [shadow imp (3)]
  5008 | D:5      | HP: 4/48 [shadow imp/nerve-wracking pain (3)]
  5012 | D:5      | Reached skill level 8 in Polearms
  5536 | D:4      | HP: 12/48 [poisoned by a worker ant]
  5542 | D:4      | HP: 11/48 [poisoned by a worker ant]
  5550 | D:4      | HP: 10/48 [poisoned by a worker ant]
  5814 | D:5      | Reached skill level 9 in Polearms
  5840 | D:5      | Learned a level 3 spell: Inner Flame
  5844 | D:5      | Learned a level 3 spell: Gell's Gravitas
  6047 | D:6      | Reached XP level 8. HP: 50/52 MP: 9/9
  6238 | D:6      | Reached skill level 10 in Polearms
  6557 | D:6      | HP: 9/54 [centaur (9)]
  6559 | D:6      | HP: 3/54 [centaur (6)]
  6566 | D:6      | HP: 12/54 [centaur (3)]
  7056 | D:5      | Reached skill level 11 in Polearms
  7249 | D:6      | HP: 9/54 [gnoll/halberd (10)]
  7259 | D:6      | HP: 9/54 [gnoll/spear (1)]
  7633 | D:7      | Noticed Menkaure
  7635 | D:7      | Killed Menkaure
  7635 | D:7      | Reached skill level 12 in Polearms
  7660 | D:7      | Reached skill level 3 in Dodging
  7685 | D:7      | Reached skill level 4 in Dodging
  7685 | D:7      | Reached XP level 9. HP: 36/59 MP: 10/10
  7786 | D:7      | HP: 10/59 [centaur (6)]
  7788 | D:7      | Slain by a centaur

Action                   |  1- 3 |  4- 6 |  7- 9 || total
-------------------------+-------+-------+-------++-------
Melee: Dagger            |     9 |       |       ||     9
       Unarmed           |     1 |       |       ||     1
       Spear             |   108 |    83 |       ||   191
       Halberd           |       |   121 |   336 ||   457
Throw: Javelin           |    15 |     5 |       ||    20
       Stone             |    49 |    70 |    39 ||   158
       Throwing net      |       |     2 |       ||     2
 Cast: Corona            |    11 |    23 |    13 ||    47
Evoke: Wand              |       |     5 |     8 ||    13
  Use: Scroll            |     6 |     9 |     1 ||    16
       Potion            |       |     3 |     9 ||    12
 Stab: Held in net/web   |       |     1 |       ||     1
       Sleeping          |       |       |     1 ||     1
  Eat: Chunk             |     1 |     8 |    10 ||    19
       Bread ration      |     1 |       |       ||     1
       Royal jelly       |       |       |     1 ||     1

Vault maps used:
D:1:      dpeg_arrival_simpleton_c, corexii_item_surrounded_by_moat,
          minmay_circled_x
D:2:      minmay_misc_feat_hallway, serial_bayou_pond_a
D:3:      first_bread, st_stairs_5
D:4:      minmay_temple_entry_enclosed_plants, supply_closet_lemuel,
          grunt_decor_arrowhead, minmay_misc_feat_rows
D:5:      uniq_duvessa
D:7:      overflow_temple_1_default, uniq_menkaure, uniq_crazy_yiuf_cottage

Table legend:
 A = Turns spent in this place as a percentage of turns spent in the entire game.
 B = Non-inter-level travel turns spent in this place as a percentage of non-inter-level travel turns spent in the entire game.
 C = Inter-level travel turns spent in this place as a percentage of turns spent in this place.
 D = Turns resting spent in this place as a percentage of non-inter-level travel turns spent in this place.
 E = Turns spent auto-exploring this place as a percentage of non-inter-level travel turns spent in this place.
 F = Non-inter-level travel turns spent in this place divided by the number of levels of this place that you've seen.
                   A       B       C       D       E      F
               +-------+-------+-------+-------+-------+----------------------
         Total | 100.0 | 100.0 |   0.7 |   3.0 |   7.1 | 386.7
       Dungeon | 100.0 | 100.0 |   0.7 |   3.0 |   7.1 | 386.7
               +-------+-------+-------+-------+-------+----------------------

Table legend:
 A = Kills in this place as a percentage of kills in entire the game.
 B = Kills by you in this place as a percentage of kills by you in the entire game.
 C = Kills by friends in this place as a percentage of kills by friends in the entire game.
 D = Other kills in this place as a percentage of other kills in the entire game.
 E = Experience gained in this place as a percentage of experience gained in the entire game.
 F = Experience gained in this place divided by the number of levels of this place that you have seen.
                   A       B       C       D       E      F
               +-------+-------+-------+-------+-------+----------------------
         Total | 100.0 | 100.0 |  -nan |  -nan | 100.0 | 348.3
       Dungeon | 100.0 | 100.0 |  -nan |  -nan | 100.0 | 348.3
               +-------+-------+-------+-------+-------+----------------------
